AoeStats
← DS_Kvothe

Arabia

509707689Analyzed
1v1 RM · 5d ago on Sep 27, 2026· 43m 49s· 2 players
Game mode
Random Map
Map size
Tiny (2 player)
Population
200
Speed
Normal
Resources
Standard
Victory
Conquest
Starting age
Dark Age
Ending age
Imperial Age
RankedLock teamsTeams togetherTeam positionsShared explorationLock speedFull tech treeHidden civsTurbo modeCheats
Victory
Defeat
🇦🇷 Malay · Argentina
1931
+19
🇻🇪 Sicilians · Venezuela
1998
-19
DS_Kvothe
6:40 Loom
9:16 Feudal Age
9:53 Double-Bit Axe
10:18 Horse Collar
19:36 Castle Age
19:11 Scale Barding Armor
19:16 Forging
19:04 Fletching
26:35 Husbandry
28:35 Light Cavalry
32:20 Bow Saw
33:31 Wheelbarrow
32:41 Town Watch
37:22 Imperial Age
35:05 Forging
37:41 Iron Casting
38:53 Bodkin Arrow
39:22 Hand Cart
42:08 Conscription
42:04 Squires
burneR
6:45 Loom
9:19 Feudal Age
9:51 Double-Bit Axe
9:46 Horse Collar
15:51 Fletching
17:56 Forging
24:54 Castle Age
23:54 Scale Mail Armor
25:04 Pikeman
25:41 Bodkin Arrow
26:27 Squires
32:06 Fervor
33:51 Bow Saw
34:55 Chain Mail Armor
37:31 Man-at-Arms
37:58 Gambesons
39:28 Iron Casting
41:54 Long Swordsman
Connection lost

Rejoining the realm…

Still unreachable

The connection could not be restored.

Session expired

The server has moved on; the page needs a fresh start.